 Dungeon Crawl Stone Soup version 0.31-a0-466-g98c9adc2b6 (webtiles) character file.

Game seed: 14186184454024270072

104 HallandMoats the Trooper (level 4, -5/37 HPs)
             Began as a Demonspawn Fighter on Aug 5, 2023.
             Was a Follower of Fedhas.
             Killed by nerve-wracking pain
             ... invoked by Grinder
              (11 damage)
             ... on level 3 of the Dungeon.
             The game lasted 00:03:29 (1851 turns).

HallandMoats the Trooper (Demonspawn Fighter)       Turns: 1851, Time: 00:03:30

Health: -5/37      AC:  0    Str: 16    XL:     4   Next: 52%
Magic:  6/6        EV: 17    Int: 12    God:    Fedhas [*.....]
Gold:   78         SH:  0    Dex: 17    Spells: 3/3 levels left

rFire   . . .        a - melded +0 war axe
rCold   . . .        c - melded +0 buckler
rNeg    . . .        b - melded +0 scale mail
rPois   .            (helmet currently unavailable)
rElec   .            (cloak currently unavailable)
rCorr   .            (gloves currently unavailable)
SInv    .            (boots currently unavailable)
Will    .....        (no amulet)
Stlth   ++           (ring currently unavailable)
HPRegen 0.26/turn    (ring currently unavailable)
MPRegen 0.10/turn

%: no passive effects
@: bat-form (expiring), flying, very quick
A: fast, flying, no casting, tiny, (large bone plates 1), foul stench 1
a: Renounce Religion


You were on level 3 of the Dungeon.
You worshipped Fedhas.
Fedhas was aware of your devotion.
You were a bat.
You visited 1 branch of the dungeon, and saw 3 of its levels.

You collected 78 gold pieces.

Inventory:

Hand Weapons
 a - a +0 war axe (melded)
Armour
 b - a +0 scale mail (melded)
 c - a +0 buckler (melded)
Jewellery
 l - a ring of protection from fire
Scrolls
 e - a scroll of enchant armour {unknown}
 g - a scroll of teleportation {unknown}
 j - a scroll of poison {unknown}
 k - a scroll of identify {unknown}
Potions
 d - a potion of might
 f - 2 potions of mutation {unknown}
 h - a potion of lignification {unknown}
 i - 2 potions of enlightenment {unknown}


   Skills:
 + Level 4.0 Fighting
 + Level 2.8 Axes
 - Level 2.6 Armour
 - Level 2.6 Shields
 + Level 3.0 Invocations


You had 3 spell levels left.
You didn't know any spells.
Your spell library was empty.

Dungeon Overview and Level Annotations

Branches:
Dungeon (3/15)

Altars:
Fedhas

Annotations:
D:3 Grinder


Innate Abilities, Weirdness & Mutations

You are a bat.
You are tiny and dextrous.
You move quickly.
You are flying.
Your equipment is almost entirely melded.
You are incapable of wielding weapons or throwing items.
You cannot cast spells.
((You are partially covered in large bone plates. (SH +4)))
You may rarely emit foul miasma when damaged in melee.


Message History

The goblin hits you with a +0 club.
You hit the goblin.
You kill the goblin!
Fedhas appreciates your contribution to the ecosystem.
The rat closely misses you. The rat closely misses you.
You see here a +0 club.
You hit the rat.
You kill the rat!
Fedhas appreciates your contribution to the ecosystem.
You see here a +0 club.
Grinder blinks!
You see here a +0 club.
Your transformation is almost over.
You closely miss Grinder.
Grinder is severely wounded.
Grinder blinks!
Grinder barely misses you.
You barely miss Grinder.
Grinder is severely wounded.
Grinder hits you.
You writhe in agony.
* * * LOW HITPOINT WARNING * * *
You barely miss Grinder.
Grinder is severely wounded.
You barely miss Grinder.
Grinder is severely wounded.
Grinder hits you.
* * * LOW HITPOINT WARNING * * *
You writhe in agony.
* * * LOW HITPOINT WARNING * * *
You hit Grinder.
Grinder is severely wounded.
Grinder misses you.
You barely miss Grinder.
Grinder is severely wounded.
Grinder says, "There's only one good use for a tongue: cutting it out."
Grinder gestures at you. Pain shoots through your body!
You die...
Fedhas appreciates your contribution to the ecosystem.

.............
#.##.....#...#. #.#
#.#......#.###.##.###
#.#......#.#....$...#
#.#5.....#.#........#
#......#.#........#
#......#..........#
#.................#
#..ยง..........b5..#
....................#
#.#.#############.###
#... ##.###### #...
#.).....# #.#.
#..####.# .. #..# #
#..# #..#


You could see Grinder.

Vanquished Creatures
  4 adders (D:2)
  3 worms (D:2)
  A dart slug (D:1)
  8 bats (D:1)
  7 endoplasms
  2 giant cockroaches
  7 goblins
  4 hobgoblins
  A quokka (D:1)
  2 ball pythons (D:1)
  3 frilled lizards
  9 kobolds
  2 rats
53 creatures vanquished.

Notes
Turn   | Place    | Note
-------+----------+-------------------------------------------
     0 | D:1      | HallandMoats the Demonspawn Fighter began the quest for the
                  | Orb.
     0 | D:1      | Reached XP level 1. HP: 18/18 MP: 1/1
    58 | D:1      | Reached skill level 1 in Invocations
    72 | D:1      | Gained mutation: You may rarely emit foul miasma when
                  | damaged in melee. [demonic ancestry]
    72 | D:1      | Reached XP level 2. HP: 22/24 MP: 2/2
   546 | D:1      | Reached XP level 3. HP: 28/29 MP: 4/4
   955 | D:2      | Gained mutation: You are partially covered in large bone
                  | plates. (SH +4) [demonic ancestry]
   955 | D:2      | Reached XP level 4. HP: 25/37 MP: 5/5
  1509 | D:2      | Found a faded altar of an unknown god.
  1522 | D:2      | Reached skill level 4 in Fighting
  1533 | D:2      | Prayed at the altar of an unknown god.
  1533 | D:2      | Became a worshipper of Fedhas Madash
  1533 | D:2      | Reached * piety under Fedhas
  1723 | D:3      | Noticed Grinder
  1724 | D:3      | Paralysed by Grinder for 3 turns
  1765 | D:3      | Paralysed by Grinder for 5 turns
  1807 | D:3      | Paralysed by Grinder for 2 turns
  1851 | D:3      | Killed from afar by Grinder

Illustrated notes

Levels and vault maps discovered:
D:1:      psy_arrival_dodecagon, layout_basic, minmay_cut_off
D:2:      layout_basic, hellmonk_ecumenical_altar_zigzags
D:3:      layout_basic, uniq_grinder

Skill      XL: |  1  2  3  4 |
---------------+-------------+-----
Axes           | 2 |  2.8
Invocations    | 1 2 3 |  3.0
Fighting       | 4 |  4.0
Armour         | |  2.6
Shields        | |  2.6

Action                     |  1- 3 |  4- 6 || total
---------------------------+-------+-------++-------
  Melee: War axe           |    90 |    38 ||   128
         Unarmed           |       |    27 ||    27
 Armour: Scale mail        |   136 |     8 ||   144
         Skin              |       |     3 ||     3
  Dodge: Dodged            |   107 |    25 ||   132
  Block: Buckler           |    56 |    13 ||    69

Table legend: (Time is in decaauts)
 A = Elapsed time spent in this place.
 B = Non-inter-level travel time spent in this place.
 C = Inter-level travel time spent in this place.
 D = Time resting spent in this place.
 E = Time spent auto-exploring this place.
 F = Levels seen in this place.
 G = Mean time per level.
                   A        B        C        D        E       F      G
               +--------+--------+--------+--------+--------+-----+--------+
         Total |   1879 |   1837 |     42 |      0 |   1167 |   3 |  626.3 |
       Dungeon |   1879 |   1837 |     42 |      0 |   1167 |   3 |  626.3 |
               +--------+--------+--------+--------+--------+-----+--------+

Top non-repeatable levels by time:
     D:2: 1006 daAuts
     D:1: 760 daAuts
     D:3: 112 daAuts
